 Dungeon Crawl Stone Soup version 0.20.1-1-g8b1a95d (webtiles) character file.

129 Mesmaeker13 the Caller (level 5, -4/45 HPs)
             Began as an Ogre Summoner on Aug 13, 2017.
             Slain by a bullfrog (6 damage)
             ... on level 3 of the Dungeon.
             The game lasted 00:05:21 (3011 turns).

Mesmaeker13 the Caller (Ogre Summoner)              Turns: 3011, Time: 00:05:21

Health: -4/45      AC:  3    Str: 12    XL:     5   Next: 12%
Magic:  3/10       EV: 10    Int: 17    God:
Gold:   120        SH:  2    Dex:  9    Spells: 5/11 levels left

rFire    + . .     SeeInvis .   p - +0 whip (elec)
rCold    . . .     Gourm    .   (no shield)
rNeg     . . .     Faith    .   a - +0 robe
rPois    .         Spirit   .   (helmet restricted)
rElec    .         Reflect  +   (no cloak)
rCorr    .         Harm     .   (gloves unavailable)
MR       .....                  (boots unavailable)
Stlth    +.........             j - +2 amulet of reflection
Regen    0.2/turn               q - ring of protection from fire
MPRegen  0.2/turn               (no ring)

@: very slightly contaminated
A: unfitting armour, tough skin 1
a: no special abilities


You were on level 3 of the Dungeon.
You were not hungry.

You visited 1 branch of the dungeon, and saw 3 of its levels.

You collected 120 gold pieces.

Inventory:

Hand Weapons
 m - a +3 hand axe
 p - a +0 whip of electrocution (weapon)
 r - a +0 giant club
Missiles
 d - 131 stones (quivered)
Armour
 a - a +0 robe (worn)
Jewellery
 j - a +2 amulet of reflection (around neck)
 l - a cursed ring of loudness {unknown}
 q - a ring of protection from fire (left hand)
Scrolls
 h - a scroll of magic mapping
 i - 2 scrolls of teleportation
 n - 3 scrolls of remove curse {unknown}
Potions
 e - a potion of agility
 g - 2 potions of degeneration {unknown}
 o - a potion of invisibility {unknown}
Books
 b - a book of Callings

   Spells                             Type                      Level
   a - Summon Small Mammal            Summoning                    1
   b - Call Imp                       Summoning                    2
   c - Call Canine Familiar           Summoning                    3
   d - Summon Guardian Golem          Hexes/Summoning              3
   e - Summon Lightning Spire         Summoning/Air                4
   f - Summon Ice Beast               Ice/Summoning                4
Comestibles
 c - 3 bread rations
 f - 3 royal jellies
 k - 6 fruits


   Skills:
 + Level 3.0 Dodging
 - Level 1.4 Stealth
 + Level 3.5 Spellcasting
 + Level 4.5 Summonings


You had 5 spell levels left.
You knew the following spells:

 Your Spells              Type           Power        Failure   Level  Hunger
a - Summon Small Mammal   Summ           ###.         2%          1    None
b - Call Imp              Summ           ###.....     3%          2    ##.....
c - Call Canine Familiar  Summ           ###.....     8%          3    ###....


Dungeon Overview and Level Annotations

Branches:
Dungeon (3/15)

Altars:


Innate Abilities, Weirdness & Mutations

You are too large for most types of armour.
You have tough skin. (AC +1)


Message History

Casting: Call Canine Familiar
Confirm with . or Enter, or press ? or * to list all spells.
You miscast Call Canine Familiar.
You are very lightly contaminated with residual magic.
A fistful of eyes flickers past your view.
The bullfrog hits you!
* * * LOW HITPOINT WARNING * * *
The bullfrog hits you.
* * * LOW HITPOINT WARNING * * *
There is an open door here.
Why would you want to do that?
Casting: Call Canine Familiar
Confirm with . or Enter, or press ? or * to list all spells.
You don't know that spell.
You hit the bullfrog.
The bullfrog is moderately wounded.
The bullfrog hits you.
* * * LOW HITPOINT WARNING * * *
Your crimson imp misses the bullfrog.
The bullfrog hits you.
You die...

####### #.F5†.#
####@###..#
###§§≈.≈§##..# #.
##≈≈≈....≈≈##5# ...
##≈≈.......≈≈#.# #...
#≈≈.........≈# . .....
##≈..#####....+ . .##.#
#≈≈..#....#..§# #. ..
.##.# #≈...#.#.#...§#
.....
.##.####≈..#†...#..≈≈#.
......


You could see a bullfrog and a friendly crimson imp.

Vanquished Creatures
  A worm (D:2)
  3 dart slugs
  A leopard gecko (D:3)
  3 orcs (D:3)
  A ball python (D:3)
  2 giant cockroaches
  5 goblins
  8 hobgoblins
  A jackal (D:3)
  4 kobolds
  A quokka (D:3)
  7 bats
  5 frilled lizards
  8 rats
50 creatures vanquished.

Vanquished Creatures (collateral kills)
  An ogre (D:3)
  2 adders (D:3)
  A worm (D:3)
  A leopard gecko (D:1)
  2 orcs (D:3)
  A bat (D:3)
  A hobgoblin (D:2)
  A jackal (D:3)
  A kobold (D:1)
  3 goblins
14 creatures vanquished.

Grand Total: 64 creatures vanquished

Notes
Turn   | Place    | Note
-------+----------+-------------------------------------------
     0 | D:1      | Mesmaeker13 the Ogre Summoner began the quest for the Orb.
     0 | D:1      | Reached XP level 1. HP: 16/16 MP: 3/3
   224 | D:1      | Reached XP level 2. HP: 19/24 MP: 3/5
  1230 | D:1      | Reached XP level 3. HP: 26/31 MP: 7/7
  1267 | D:1      | Learned a level 2 spell: Call Imp
  1571 | D:2      | Reached skill level 4 in Summonings
  2193 | D:2      | Learned a level 3 spell: Call Canine Familiar
  2441 | D:3      | Reached XP level 4. HP: 28/39 MP: 8/8
  2772 | D:3      | Noticed an ogre
  2790 | D:3      | Killed an ogre
  2790 | D:3      | Reached XP level 5. HP: 40/45 MP: 0/10
  3011 | D:3      | HP: 2/45 [bullfrog (4)]
  3011 | D:3      | Slain by a bullfrog

Skill      XL: |  1  2  3  4 |
---------------+-------------+-----
Dodging        | 2 3 |  3.0
Summonings     | 4 |  4.5
Spellcasting   | 3 |  3.5
Stealth        | |  1.4

Action                   |  1- 3 |  4- 6 || total
-------------------------+-------+-------++-------
Melee: Dagger            |    32 |       ||    32
       Unarmed           |     7 |       ||     7
       Club              |    65 |       ||    65
       Hand axe          |    37 |     8 ||    45
       Whip              |       |    30 ||    30
 Cast: Summon Small Mamm |    15 |     1 ||    16
       Call Imp          |     6 |     4 ||    10
       Call Canine Famil |       |     4 ||     4
  Use: Scroll            |     3 |     1 ||     4
 Stab: Sleeping          |     2 |       ||     2
  Eat: Chunk             |     5 |     3 ||     8
Armor: Robe              |    47 |    15 ||    62
Dodge: Dodged            |    83 |    21 ||   104
Block: Other             |       |     1 ||     1
